[Event "St Maxime-02"]
[Site "St Maxime"]
[Date "1982.05.??"]
[Round "6"]
[White "Manouck, Thierry"]
[Black "Giffard, Nicolas"]
[Result "1-0"]
[ECO "A25"]
[WhiteElo "2400"]
[BlackElo "2345"]
[Annotator "Giffard,N"]
[PlyCount "161"]
[EventDate "1982.05.??"]
[EventType "tourn"]
[EventRounds "13"]
[EventCountry "FRA"]
[EventCategory "7"]
[SourceTitle "EXT 2018"]
[Source "ChessBase"]
[SourceDate "2017.10.13"]
[SourceVersion "1"]
[SourceVersionDate "2017.10.13"]
[SourceQuality "1"]
[TimeControl "40/9000:16/5400:0"]

1. c4 e5 2. g3 Nc6 3. Bg2 d6 4. Nc3 Be6 5. d3 Qd7 6. Rb1 Nge7 7. b4 d5 8. b5
Nd8 9. Qb3 dxc4 (9... d4 10. Ne4 Ng6 11. h4 h5 12. Nf3 a6 13. a4 axb5 14. axb5
Be7 15. Bd2 Bf5 16. O-O Bh3 17. Ra1 Rb8 18. Bb4 Bxg2 19. Kxg2 Ne6 20. Rfb1 f5
21. Ned2 O-O 22. Bxe7 Qxe7 23. Qc2 Rbe8 24. Ra7 Nc5 25. Nb3 e4 26. Ng5 f4 27.
dxe4 fxg3 28. fxg3 Nxh4+ 29. gxh4 Qd7 30. Nf3 d3 31. Qd2 Qg4+ {0-1 (31) Stean,
M (2530)-Ljubojevic,L (2590) London 1980}) 10. dxc4 Nf5 11. Nf3 f6 12. O-O Bd6
$146 (12... c6 13. Rd1 Qc7 14. bxc6 bxc6 15. Qa4 Nd6 16. Nd2 Kf7 17. Ba3 N6b7
18. Nde4 Bxa3 19. Qxa3 Re8 20. Nd6+ Nxd6 21. Rxd6 Re7 22. Nb5 cxb5 23. Bxa8
Bxc4 24. Bd5+ Ne6 25. Rc1 a5 26. Rc6 Qd7 27. Bxe6+ Rxe6 28. Rxe6 Kxe6 29. Qxa5
Bxe2 30. Qb6+ Kf5 31. Qe3 Qd3 32. Qxd3+ Bxd3 33. Rc7 Kg6 34. f3 e4 35. fxe4
Bxe4 36. a3 h5 37. Kf2 Kh6 38. Ke3 Bg2 39. Kd4 g5 40. Rc2 Bh3 41. Kc5 {1-0 (41)
Quinteros,M (2515)-Panno,O (2540) Quilmes 1980}) 13. Rd1 Qf7 14. Nd5 O-O 15. e4
$14 Ne7 16. Ba3 b6 17. Ne1 Nb7 18. Rbc1 Nxd5 19. cxd5 Bc8 20. Nd3 f5 21. f4 $1 fxe4 22. Nxe5 Qe7 23. Bxe4 Nc5 24. Bxc5 bxc5 25. Re1
g5 26. Bg2 Qg7 27. Rf1 Bf5 28. Nc4 Qd4+ 29. Kh1 Bd3 30. Rfd1 Bxc4 31. Rxc4 Qg7
32. fxg5 Qxg5 33. Rc2 Rae8 34. Qc4 Re3 35. Rf1 Rxf1+ 36. Qxf1 Qe5 37. Rc1 Rxg3
$4 (37... Re2 $11) 38. hxg3 Qxg3 39. Kg1 (39. Qg1 Qh4+ 40. Bh3+ ) 39... Qe3+ 40. Kh1 Qg3 41. Qg1 Kh8 (41... Qh4+
42. Bh3+ $18) 42. Rc4 Bf4 43. Rxf4 $1 Qxf4 44. Qxc5 Qh4+ 45. Kg1 Qe1+ 46. Kh2
Qe5+ 47. Kh3 Qh5+ 48. Kg3 Qe5+ 49. Kf2 Qb2+ 50. Ke3 Qe5+ 51. Be4 Kg8 52. Kd3
Qa1 53. Qxc7 Qd1+ 54. Ke3 Qe1+ 55. Kd4 Qg1+ 56. Kc3 Qe1+ 57. Kd3 Qd1+ 58. Ke3
Qe1+ 59. Kf4 Qh4+ 60. Kf5 Qh3+ 61. Kf6 Qh4+ 62. Kf5 Qh3+ 63. Kf6 Qh4+ 64. Ke6
Qxe4+ 65. Qe5 Qg4+ 66. Ke7 Qh4+ 67. Ke8 Qf2 68. Qg5+ Kh8 69. Qe5+ Kg8 70. d6
Qf8+ 71. Kd7 Qf2 72. Kc8 Qc2+ 73. Kb7 Qd3 74. a4 h5 75. Qe6+ Kh8 76. d7 Qf3+
77. Kxa7 Qf2+ 78. b6 Qd2 79. Qe8+ Kh7 80. d8=Q Qa5+ 81. Kb7 1-0